Islanders vs Jets

Created - Friday, January 02, 2015 at 00:03

Goals
1 2 3 T
Islanders 1 1 1 3
Jets 2 2 4 8
Shots
1 2 3 T
Islanders 12 14 3 29
Jets 7 13 13 33

1st period

1. Jets , Kyle Turris 7 (Danny DeKeyser) at 9:06 (SH)
2. Islanders , Erik Karlsson 18 (David Krejci) at 11:23 (PP)
3. Jets , Kyle Turris 8 (Danny DeKeyser) at 16:41

Penalties :
Tyler Myers (Wpg) for Unsportsmanlike conduct (Major / Game Misconduct) at 8:00, Carl Hagelin (NYI) for Hooking (Minor) at 9:09

2nd period

4. Jets , Wayne Simmonds 8 (Alex Ovechkin, Danny DeKeyser) at 3:13 (PP)
5. Jets , John Tavares 12 (Ryan Murray, Teemu Selanne) at 8:10 (PP)
6. Islanders , Joe Pavelski 20 (Tyler Ennis) at 17:42

Penalties :
Carl Hagelin (NYI) for Holding (Minor) at 2:42, Jamie Benn (NYI) for Hooking (Minor) at 4:16, Kyle Quincey (NYI) for Tripping (Minor) at 8:00, Chris Kunitz (NYI) for Interference (Minor) at 12:41

3rd period

7. Jets , Marcus Kruger 1 (Matt Nieto, Kyle Turris) at 1:49
8. Jets , Max Pacioretty 21 (John Tavares) at 7:43 (PP)
9. Jets , Alex Ovechkin 14 (Colin Wilson, Nick Bjugstad) at 10:58
10. Islanders , Chris Kunitz 15 (David Krejci, Paul Martin) at 17:30
11. Jets , Marcus Kruger 2 (Kyle Turris, Matt Nieto) at 18:37

Penalties :
Kyle Quincey (NYI) for High sticking (Minor) at 2:20, Kyle Quincey (NYI) for High sticking (Double Minor) at 7:02, Matt Martin (NYI) for Tripping (Minor) at 14:11, Kyle Quincey (NYI) for Roughing (Minor) at 18:57

Goalie Stats

Curtis McElhinney (NYI), 13 saves from 17 shots - (0.765), 31:50 minutes
Braden Holtby (NYI), 12 saves from 16 shots - (0.750), L, 13-17-2, 28:10 minutes
Sergei Bobrovsky (Wpg), 26 saves from 29 shots - (0.897), W, 26-8-1, 60:00 minutes

Players Stats for Islanders

Player Name              G  A  P  +/- PIM S  H  SB GA TA FO     MP     PP MP  PK MP  
------------------------------------------------------------------------------------
Carl Hagelin             0  0  0   0  4   0  0  0  0  0  0/0    15:36   1:31   0:00 
Chris Kunitz             1  0  1  -1  2   3  1  1  2  0  0/1    16:22   1:28   0:13 
Craig Adams              0  0  0  -2  0   1  1  1  1  0  0/1    14:54   0:00   8:30 
David Krejci             0  2  2   0  0   4  0  0  1  1  4/7    16:43   1:24   0:43 
Erik Karlsson            1  0  1  -3  0   2  0  3  2  1  0/0    24:00   2:16   3:59 
Jake Muzzin              0  0  0   0  0   0  2  1  0  0  0/0    13:53   0:00   2:14 
Jamie Benn               0  0  0  -1  2   3  0  0  2  0  0/1    14:49   1:36   0:00 
Jarret Stoll             0  0  0   0  0   1  0  0  3  1  9/16   17:51   0:00   8:05 
Joe Pavelski             1  0  1  -1  0   3  3  0  4  0  12/16  19:49   1:36   3:36 
Kevin Porter             0  0  0   0  0   0  1  1  0  0  0/0     9:10   0:00   0:00 
Kyle Quincey             0  0  0   1  10  1  1  0  0  1  0/0    16:31   2:01   0:45 
Lauri Korpikoski         0  0  0  -2  0   0  0  0  0  0  0/1     6:07   0:00   0:00 
Marcel Goc               0  0  0  -2  0   1  2  0  3  0  2/3    11:07   0:00   3:31 
Matt Martin              0  0  0   0  2   0  2  0  0  0  0/1    10:07   0:00   0:00 
Paul Martin              0  1  1  -4  0   6  1  4  0  1  0/0    19:21   0:59   0:00 
Rob Scuderi              0  0  0   0  0   0  0  1  0  2  0/0    20:56   0:00   8:20 
Travis Hamonic           0  0  0   0  0   2  2  1  0  2  0/0    25:27   0:44   9:20 
Tyler Ennis              0  1  1   0  0   2  0  0  2  0  0/0    12:50   1:24   0:00 

Players Stats for Jets

Player Name              G  A  P  +/- PIM S  H  SB GA TA FO     MP     PP MP  PK MP  
------------------------------------------------------------------------------------
Alex Ovechkin            1  1  2   1  0   3  4  0  2  0  0/1    18:38   6:03   0:15 
Colin Wilson             0  1  1   0  0   0  0  0  0  0  0/0     4:59   0:00   0:00 
Danny DeKeyser           0  3  3   1  0   1  3  1  0  2  0/0    23:47   6:42   1:11 
Erik Johnson             0  0  0   2  0   3  1  1  0  1  0/0    21:34   0:00   1:49 
Greg McKegg              0  0  0   0  0   0  0  0  0  0  0/0     0:00   0:00   0:00 
John Tavares             1  1  2   0  0   5  2  0  2  0  10/22  21:52   6:16   0:29 
Kyle Turris              2  2  4   3  0   6  2  2  3  1  5/7    14:55   0:00   2:16 
Marcus Kruger            2  0  2   3  0   3  1  0  0  1  0/0    14:55   0:00   2:16 
Matt Nieto               0  2  2   2  0   1  0  0  0  1  0/0    12:39   0:00   0:00 
Max Pacioretty           1  0  1   0  0   2  2  0  2  0  1/2    20:40   6:16   0:00 
Nick Bjugstad            0  1  1   0  0   1  0  0  0  0  0/1     5:42   0:00   0:00 
Oliver Ekman-Larsson     0  0  0   2  0   3  2  2  0  5  0/0    28:19   5:37   1:49 
Oscar Klefbom            0  0  0   2  0   0  0  3  0  0  0/0    17:18   0:51   0:56 
Ryan Getzlaf             0  0  0   0  0   0  2  0  0  0  3/13   18:14   6:03   0:15 
Ryan Murray              0  1  1  -1  0   1  0  0  0  1  0/0    26:29  11:28   0:15 
Teemu Selanne            0  1  1   0  0   1  1  1  3  0  1/1    20:16   6:16   0:00 
Tyler Myers              0  0  0   0  15  0  1  0  0  0  0/0     2:32   0:00   0:00 
Wayne Simmonds           1  0  1  -1  0   3  2  0  1  0  0/0    22:11   6:03   0:29 

3 Stars

1 - Kyle Turris (Wpg)
2 - Marcus Kruger (Wpg)
3 - Alex Ovechkin (Wpg)

Power Play

Islanders - 1 on 2 Attempt(s) - 50.00%
Jets - 3 on 10 Attempt(s) - 30.00%

Penalty Kill

Islanders - 7 on 10 Attempt(s) - 70.00% - Score 0 goal in Penalty Kill
Jets - 1 on 2 Attempt(s) - 50.00% - Score 1 goal in Penalty Kill

Team Stat

Islanders - Hits : 16 - Faceoff Wins : 27 - Blocked Shots : 13 - Penalty Minutes : 20
Jets - Hits : 23 - Faceoff Wins : 20 - Blocked Shots : 10 - Penalty Minutes : 15

Official

Referees : Unknown
Linesman : Unknown

Game Notes

Tyler Myers ejected from game at 8:00 of 1st period
Curtis McElhinney enters game at 8:10 of 2nd period

Finance

Level 1 -- Attendance: 5277 (87.95%) -- Ticket Income $459,099
Level 2 -- Attendance: 3819 (76.38%) -- Ticket Income $225,321
Level 3 -- Attendance: 1396 (69.80%) -- Ticket Income $48,860
Level 4 -- Attendance: 2926 (73.15%) -- Ticket Income $58,520
Luxury Box -- Attendance: 933 (93.30%) -- Ticket Income $156,744
Game was played at the MTS Center'
Total Attendance: 14351 (79.73%)
Total Ticket Income: $948,544
Other Income: $464,787
Total Income: $1,413,331

Islanders

5 vs 5 Forward 
   Center                   Left Wing                Right Wing               Time % Phy DF OF 
 1 Joe Pavelski             Jamie Benn               Tyler Ennis              30     1   1  3  
 2 David Krejci             Chris Kunitz             Carl Hagelin             28     1   1  3  
 3 Jarret Stoll             Kevin Porter             Matt Martin              25     1   2  2  
 4 Marcel Goc               Craig Adams              Lauri Korpikoski         17     1   2  2  

5 vs 5 Defense 
   Defense                  Defense                                           Time % Phy DF OF 
 1 Erik Karlsson            Paul Martin                                       37     1   3  1  
 2 Travis Hamonic           Kyle Quincey                                      32     1   3  1  
 3 Jake Muzzin              Rob Scuderi                                       28     1   3  1  
 4 Travis Hamonic           Erik Karlsson                                     3      1   3  1  

PowerPlay Forward 
   Center                   Left Wing                Right Wing               Time % Phy DF OF 
 1 Joe Pavelski             Chris Kunitz             Jamie Benn               60     1   2  2  
 2 David Krejci             Tyler Ennis              Carl Hagelin             40     1   2  2  

PowerPlay Defense
   Defense                  Defense                                           Time % Phy DF OF 
 1 Erik Karlsson            Kyle Quincey                                      60     1   2  2  
 2 Travis Hamonic           Paul Martin                                       40     1   2  2  

Penalty Kill 4 Players Forward 
   Center                   Wing                     Time % Phy DF OF 
 1 Jarret Stoll             Craig Adams              60     1   2  2  
 2 Marcel Goc               Joe Pavelski             40     1   2  2  

Penalty Kill 4 Players Defense
   Defense                  Defense                  Time % Phy DF OF 
 1 Travis Hamonic           Rob Scuderi              60     1   2  2  
 2 Kyle Quincey             Erik Karlsson            40     1   2  2  

Penalty Kill - 3 Players Forward 
   Forward                                           Time % Phy DF OF 
 1 Jarret Stoll                                      60     1   2  2  
 2 Marcel Goc                                        40     1   2  2  

Penalty Kill - 3 Players Defense
   Defense                  Defense                  Time % Phy DF OF 
 1 Travis Hamonic           Rob Scuderi              60     1   2  2  
 2 Kyle Quincey             Erik Karlsson            40     1   2  2  

4 vs 4 Forward 
   Center                   Wing                     Time % Phy DF OF 
 1 Joe Pavelski             Jamie Benn               60     1   2  2  
 2 David Krejci             Chris Kunitz             40     1   2  2  

4 vs 4 Defense
   Defense                  Defense                  Time % Phy DF OF 
 1 Erik Karlsson            Paul Martin              60     1   2  2  
 2 Travis Hamonic           Kyle Quincey             40     1   2  2  

Last Minutes Offensive
   Center                   Left Wing                Right Wing               Defense                  Defense                  
   Joe Pavelski             Chris Kunitz             Jamie Benn               Erik Karlsson            Paul Martin              

Last Minutes Defensive
   Center                   Left Wing                Right Wing               Defense                  Defense                  
   Jarret Stoll             Marcel Goc               Craig Adams              Travis Hamonic           Paul Martin              

Goaltenders
Starting : Braden Holtby            
Backup : Curtis McElhinney        

Extra Forwards
Normal : Joe Pavelski, Chris Kunitz, Jamie Benn - PP : Joe Pavelski, Chris Kunitz - PK : Jarret Stoll
Extra Defensemen
Normal : Kyle Quincey, Travis Hamonic, Erik Karlsson - PP : Erik Karlsson - PK : Erik Karlsson, Travis Hamonic
Penalty Shots
Jarret Stoll, Chris Kunitz, Joe Pavelski, Tyler Ennis, Kyle Quincey

Jets

5 vs 5 Forward 
   Center                   Left Wing                Right Wing               Time % Phy DF OF 
 1 John Tavares             Max Pacioretty           Teemu Selanne            35     1   2  2  
 2 Ryan Getzlaf             Alex Ovechkin            Wayne Simmonds           30     1   2  2  
 3 Kyle Turris              Matt Nieto               Marcus Kruger            22     1   2  2  
 4 Nick Bjugstad            Colin Wilson             Wayne Simmonds           13     1   2  2  

5 vs 5 Defense 
   Defense                  Defense                                           Time % Phy DF OF 
 1 Oliver Ekman-Larsson     Erik Johnson                                      35     1   2  2  
 2 Tyler Myers              Danny DeKeyser                                    30     1   2  2  
 3 Ryan Murray              Oscar Klefbom                                     22     1   2  2  
 4 Oliver Ekman-Larsson     Erik Johnson                                      13     1   2  2  

PowerPlay Forward 
   Center                   Left Wing                Right Wing               Time % Phy DF OF 
 1 John Tavares             Max Pacioretty           Teemu Selanne            60     0   1  4  
 2 Ryan Getzlaf             Alex Ovechkin            Wayne Simmonds           40     0   1  4  

PowerPlay Defense
   Defense                  Defense                                           Time % Phy DF OF 
 1 Oliver Ekman-Larsson     Ryan Murray                                       60     1   2  2  
 2 Tyler Myers              Danny DeKeyser                                    40     1   2  2  

Penalty Kill 4 Players Forward 
   Center                   Wing                     Time % Phy DF OF 
 1 Kyle Turris              Marcus Kruger            60     2   3  0  
 2 John Tavares             Wayne Simmonds           40     1   4  0  

Penalty Kill 4 Players Defense
   Defense                  Defense                  Time % Phy DF OF 
 1 Oliver Ekman-Larsson     Erik Johnson             60     1   3  1  
 2 Tyler Myers              Danny DeKeyser           40     2   2  1  

Penalty Kill - 3 Players Forward 
   Forward                                           Time % Phy DF OF 
 1 Marcus Kruger                                     60     2   3  0  
 2 Kyle Turris                                       40     1   4  0  

Penalty Kill - 3 Players Defense
   Defense                  Defense                  Time % Phy DF OF 
 1 Oliver Ekman-Larsson     Erik Johnson             60     1   4  0  
 2 Tyler Myers              Danny DeKeyser           40     1   4  0  

4 vs 4 Forward 
   Center                   Wing                     Time % Phy DF OF 
 1 Ryan Getzlaf             Alex Ovechkin            60     1   2  2  
 2 John Tavares             Max Pacioretty           40     1   2  2  

4 vs 4 Defense
   Defense                  Defense                  Time % Phy DF OF 
 1 Oliver Ekman-Larsson     Ryan Murray              60     1   2  2  
 2 Tyler Myers              Danny DeKeyser           40     1   2  2  

Last Minutes Offensive
   Center                   Left Wing                Right Wing               Defense                  Defense                  
   Ryan Getzlaf             Alex Ovechkin            Teemu Selanne            Oliver Ekman-Larsson     Erik Johnson             

Last Minutes Defensive
   Center                   Left Wing                Right Wing               Defense                  Defense                  
   Ryan Getzlaf             Alex Ovechkin            Teemu Selanne            Oliver Ekman-Larsson     Erik Johnson             

Goaltenders
Starting : Sergei Bobrovsky         
Backup : Tim Thomas               

Extra Forwards
Normal : Kyle Turris, Marcus Kruger, Nick Bjugstad - PP : Kyle Turris, Marcus Kruger - PK : Nick Bjugstad
Extra Defensemen
Normal : Ryan Murray, Oscar Klefbom, Tyler Myers - PP : Ryan Murray - PK : Oscar Klefbom, Tyler Myers
Penalty Shots
Ryan Getzlaf, Alex Ovechkin, John Tavares, Max Pacioretty, Kyle Turris

% Time on Ice - Islanders

Lines # - Real PCT - Wanted PCT - Time Play
Normal Forward
1 - 28% - 30% - 11:50
2 - 36% - 28% - 15:35
3 - 21% - 25% - 9:10
4 - 14% - 17% - 6:07
Normal Defense
1 - 41% - 37% - 17:23
2 - 32% - 32% - 13:46
3 - 27% - 28% - 11:33
4 - 0% - 3% - 0:00
PP Forward
1 - 53% - 60% - 1:36
2 - 47% - 40% - 1:24
PP Defense
1 - 76% - 60% - 2:16
2 - 24% - 40% - 0:44
PK Forward
1 - 71% - 60% - 8:48
2 - 29% - 40% - 3:31
PK Defense
1 - 68% - 60% - 8:20
2 - 32% - 40% - 3:59
PK3 Forward
1 - 0% - 60%
2 - 0% - 40%
PK3 Defense
1 - 0% - 60%
2 - 0% - 40%
44 Forward
1 - 80% - 60% - 1:35
2 - 20% - 40% - 0:24
44 Defense
1 - 66% - 60% - 1:19
2 - 34% - 40% - 0:40
Last Minute Offensive  - 0:00
Last Minute Defensive  - 0:00
Total
Forward - 60:00
Defense - 60:00

% Time on Ice - Jets

Lines # - Real PCT - Wanted PCT - Time Play
Normal Forward
1 - 33% - 35% - 14:00
2 - 26% - 30% - 11:04
3 - 30% - 22% - 12:39
4 - 12% - 13% - 4:59
Normal Defense
1 - 38% - 35% - 16:14
2 - 35% - 30% - 15:03
3 - 19% - 22% - 7:54
4 - 8% - 13% - 3:31
PP Forward
1 - 51% - 60% - 6:16
2 - 49% - 40% - 6:03
PP Defense
1 - 46% - 60% - 5:37
2 - 54% - 40% - 6:42
PK Forward
1 - 84% - 60% - 2:31
2 - 16% - 40% - 0:29
PK Defense
1 - 61% - 60% - 1:49
2 - 39% - 40% - 1:11
PK3 Forward
1 - 0% - 60%
2 - 0% - 40%
PK3 Defense
1 - 0% - 60%
2 - 0% - 40%
44 Forward
1 - 80% - 60% - 1:35
2 - 20% - 40% - 0:24
44 Defense
1 - 57% - 60% - 1:08
2 - 43% - 40% - 0:51
Last Minute Offensive  - 0:00
Last Minute Defensive  - 0:00
Total
Forward - 60:00
Defense - 60:00

Play by Play

1st period


0:01 of 1st period - Joe Pavelski wins face-off versus John Tavares in neutral zone.
0:12 of 1st period - Slapshot by Oliver Ekman-Larsson.
0:12 of 1st period - Stopped by Braden Holtby without a rebound.
0:13 of 1st period - Joe Pavelski wins face-off versus John Tavares in Islanders zone.
0:46 of 1st period - Snap shot by Joe Pavelski.
0:46 of 1st period - Deflect By Tyler Ennis.
0:46 of 1st period - Stopped by Sergei Bobrovsky with a rebound.
1:04 of 1st period - Wrist shot by Wayne Simmonds.
1:04 of 1st period - Shot Misses the Net.
2:40 of 1st period - Snap shot by Wayne Simmonds.
2:40 of 1st period - Stopped by Braden Holtby with a rebound.
2:52 of 1st period - Carl Hagelin is hit by Tyler Myers and loses puck.
3:51 of 1st period - Slapshot by Jarret Stoll.
3:51 of 1st period - Shot Misses the Net.
4:27 of 1st period - Marcus Kruger is hit by Kyle Quincey and loses puck.
5:10 of 1st period - Off-side.
5:11 of 1st period - John Tavares wins face-off versus Joe Pavelski in neutral zone.
5:33 of 1st period - Off-side.
5:34 of 1st period - Kyle Turris wins face-off versus Jarret Stoll in neutral zone.
5:39 of 1st period - Slapshot by Kyle Turris.
5:39 of 1st period - Stopped by Braden Holtby with a rebound.
5:41 of 1st period - Slapshot by Erik Johnson.
5:41 of 1st period - Stopped by Braden Holtby with a rebound.
5:45 of 1st period - Wrist shot by Kyle Turris.
5:45 of 1st period - Shot Misses the Net.
6:50 of 1st period - Travis Hamonic is hit by Teemu Selanne and loses puck.
7:21 of 1st period - Snap shot by Kyle Turris.
7:21 of 1st period - Stopped by Braden Holtby without a rebound.
7:22 of 1st period - Kyle Turris wins face-off versus Marcel Goc in Islanders zone.
7:37 of 1st period - Craig Adams is hit by Danny DeKeyser and loses puck.
8:00 of 1st period - Major / Game Misconduct Penalty to Tyler Myers for Unsportsmanlike conduct.
8:00 of 1st period - Tyler Myers is ejected from game.
8:01 of 1st period - Kyle Turris wins face-off versus Joe Pavelski in Jets zone.
9:06 of 1st period - Snap shot by Kyle Turris.
9:06 of 1st period - Goal by Kyle Turris - Islanders : 0 - Jets : 1.
9:07 of 1st period - David Krejci wins face-off versus John Tavares in neutral zone.
9:09 of 1st period - Minor Penalty to Carl Hagelin for Hooking.
9:10 of 1st period - Ryan Getzlaf wins face-off versus Joe Pavelski in Islanders zone.
10:24 of 1st period - Travis Hamonic is hit by Max Pacioretty and loses puck.
10:41 of 1st period - Snap shot by Chris Kunitz.
10:41 of 1st period - Stopped by Sergei Bobrovsky without a rebound.
10:42 of 1st period - Joe Pavelski wins face-off versus Ryan Getzlaf in Jets zone.
10:43 of 1st period - Slapshot by Erik Karlsson.
10:43 of 1st period - Shot Misses the Net.
10:45 of 1st period - Backhand shot by Paul Martin.
10:45 of 1st period - Stopped by Sergei Bobrovsky without a rebound.
10:46 of 1st period - Joe Pavelski wins face-off versus Ryan Getzlaf in Jets zone.
10:55 of 1st period - Wrist shot by Jamie Benn.
10:55 of 1st period - Stopped by Sergei Bobrovsky without a rebound.
10:56 of 1st period - Joe Pavelski wins face-off versus Ryan Getzlaf in Jets zone.
10:59 of 1st period - Wrist shot by Jamie Benn.
10:59 of 1st period - Shot Misses the Net.
11:01 of 1st period - Snap shot by Paul Martin.
11:01 of 1st period - Stopped by Sergei Bobrovsky without a rebound.
11:02 of 1st period - Joe Pavelski wins face-off versus Ryan Getzlaf in Jets zone.
11:09 of 1st period - Penalty to Carl Hagelin is over, Carl Hagelin is back on ice.
11:23 of 1st period - Wrist shot by Erik Karlsson.
11:23 of 1st period - Goal by Erik Karlsson - Islanders : 1 - Jets : 1.
11:24 of 1st period - David Krejci wins face-off versus Kyle Turris in neutral zone.
11:27 of 1st period - Slapshot by Erik Karlsson.
11:27 of 1st period - Stopped by Sergei Bobrovsky with a rebound.
11:33 of 1st period - Snap shot by David Krejci.
11:33 of 1st period - Stopped by Sergei Bobrovsky with a rebound.
11:35 of 1st period - Snap shot by Kyle Quincey.
11:35 of 1st period - Deflect By Tyler Ennis.
11:35 of 1st period - Stopped by Sergei Bobrovsky with a rebound.
11:37 of 1st period - Wrist shot by Carl Hagelin.
11:37 of 1st period - Shot Blocked by Kyle Turris.
11:39 of 1st period - Slapshot by Erik Karlsson.
11:39 of 1st period - Shot Blocked by Oliver Ekman-Larsson.
11:45 of 1st period - Slapshot by Erik Karlsson.
11:45 of 1st period - Shot Misses the Net.
11:47 of 1st period - Wrist shot by Carl Hagelin.
11:47 of 1st period - Shot Blocked by Oliver Ekman-Larsson.
11:49 of 1st period - Snap shot by David Krejci.
11:49 of 1st period - Shot Blocked by Erik Johnson.
12:19 of 1st period - Oliver Ekman-Larsson is hit by Joe Pavelski and loses puck.
13:00 of 1st period - Penalty to Tyler Myers is over, Nick Bjugstad is send on ice.
13:36 of 1st period - Snap shot by Jarret Stoll.
13:36 of 1st period - Stopped by Sergei Bobrovsky with a rebound.
13:42 of 1st period - Slapshot by Paul Martin.
13:42 of 1st period - Deflect By Kevin Porter.
13:42 of 1st period - Shot Misses the Net.
13:42 of 1st period - Puck is out of play.
13:43 of 1st period - John Tavares wins face-off versus Lauri Korpikoski in Jets zone.
13:48 of 1st period - Snap shot by Oliver Ekman-Larsson.
13:48 of 1st period - Shot Misses the Net.
14:04 of 1st period - Slapshot by Rob Scuderi.
14:04 of 1st period - Shot Blocked by Teemu Selanne.
15:08 of 1st period - Travis Hamonic is hit by Danny DeKeyser and loses puck.
16:32 of 1st period - Danny DeKeyser is hit by Marcel Goc and loses puck.
16:41 of 1st period - Slapshot by Kyle Turris.
16:41 of 1st period - Goal by Kyle Turris - Islanders : 1 - Jets : 2.
16:42 of 1st period - John Tavares wins face-off versus Jarret Stoll in neutral zone.
16:45 of 1st period - Slapshot by Oliver Ekman-Larsson.
16:45 of 1st period - Shot Blocked by Travis Hamonic.
16:51 of 1st period - Kyle Quincey is hit by John Tavares and loses puck.
17:45 of 1st period - Backhand shot by Jamie Benn.
17:45 of 1st period - Shot Blocked by Kyle Turris.
17:47 of 1st period - Snap shot by Joe Pavelski.
17:47 of 1st period - Stopped by Sergei Bobrovsky with a rebound.
17:49 of 1st period - Slapshot by Paul Martin.
17:49 of 1st period - Stopped by Sergei Bobrovsky with a rebound.
19:05 of 1st period - Snap shot by Wayne Simmonds.
19:05 of 1st period - Shot Misses the Net.
19:21 of 1st period - Danny DeKeyser is hit by Marcel Goc and loses puck.
19:28 of 1st period - Danny DeKeyser is hit by Jake Muzzin.
19:34 of 1st period - Jake Muzzin is hit by Max Pacioretty and loses puck.
Goals for this period are 1 for Islanders vs 2 for Jets.
Shots for this period are 12 for Islanders vs 7 for Jets.

2nd period


0:01 of 2nd period - Joe Pavelski wins face-off versus John Tavares in neutral zone.
0:24 of 2nd period - Snap shot by Oliver Ekman-Larsson.
0:24 of 2nd period - Stopped by Braden Holtby with a rebound.
0:32 of 2nd period - Backhand shot by Max Pacioretty.
0:32 of 2nd period - Shot Blocked by Paul Martin.
0:34 of 2nd period - Slapshot by Erik Johnson.
0:34 of 2nd period - Deflect By Max Pacioretty.
0:34 of 2nd period - Stopped by Braden Holtby with a rebound.
1:07 of 2nd period - Oliver Ekman-Larsson is hit by Matt Martin and loses puck.
2:04 of 2nd period - Wrist shot by Marcus Kruger.
2:04 of 2nd period - Deflect By Matt Nieto.
2:04 of 2nd period - Stopped by Braden Holtby without a rebound.
2:05 of 2nd period - John Tavares wins face-off versus David Krejci in Islanders zone.
2:06 of 2nd period - Slapshot by Teemu Selanne.
2:06 of 2nd period - Shot Blocked by Rob Scuderi.
2:08 of 2nd period - Snap shot by Max Pacioretty.
2:08 of 2nd period - Shot Misses the Net.
2:10 of 2nd period - Snap shot by Teemu Selanne.
2:10 of 2nd period - Shot Misses the Net.
2:12 of 2nd period - Slapshot by Ryan Murray.
2:12 of 2nd period - Stopped by Braden Holtby with a rebound.
2:16 of 2nd period - Wrist shot by John Tavares.
2:16 of 2nd period - Stopped by Braden Holtby with a rebound.
2:18 of 2nd period - Snap shot by Danny DeKeyser.
2:18 of 2nd period - Shot Blocked by Chris Kunitz.
2:42 of 2nd period - Minor Penalty to Carl Hagelin for Holding.
2:43 of 2nd period - Jarret Stoll wins face-off versus Ryan Getzlaf in Islanders zone.
2:43 of 2nd period - Jarret Stoll is hit by Ryan Getzlaf.
3:13 of 2nd period - Slapshot by Wayne Simmonds.
3:13 of 2nd period - Goal by Wayne Simmonds - Islanders : 1 - Jets : 3.
3:14 of 2nd period - John Tavares wins face-off versus Jamie Benn in neutral zone.
3:17 of 2nd period - Joe Pavelski is hit by Erik Johnson and loses puck.
3:30 of 2nd period - Slapshot by Max Pacioretty.
3:30 of 2nd period - Shot Blocked by Paul Martin.
3:32 of 2nd period - Snap shot by Erik Johnson.
3:32 of 2nd period - Shot Misses the Net.
3:34 of 2nd period - Slapshot by Oliver Ekman-Larsson.
3:34 of 2nd period - Shot Blocked by Erik Karlsson.
3:36 of 2nd period - Snap shot by Oliver Ekman-Larsson.
3:36 of 2nd period - Shot Misses the Net.
3:38 of 2nd period - Slapshot by Max Pacioretty.
3:38 of 2nd period - Deflect By John Tavares.
3:38 of 2nd period - Shot Misses the Net.
3:38 of 2nd period - Puck is out of play.
3:39 of 2nd period - David Krejci wins face-off versus Ryan Getzlaf in Islanders zone.
3:46 of 2nd period - Slapshot by Chris Kunitz.
3:46 of 2nd period - Shot Misses the Net.
3:48 of 2nd period - Slapshot by Kyle Quincey.
3:48 of 2nd period - Stopped by Sergei Bobrovsky with a rebound.
3:50 of 2nd period - Slapshot by Travis Hamonic.
3:50 of 2nd period - Stopped by Sergei Bobrovsky with a rebound.
3:52 of 2nd period - Slapshot by Kyle Quincey.
3:52 of 2nd period - Shot Blocked by Oscar Klefbom.
3:54 of 2nd period - Snap shot by Carl Hagelin.
3:54 of 2nd period - Shot Blocked by Oscar Klefbom.
4:10 of 2nd period - Snap shot by Chris Kunitz.
4:10 of 2nd period - Stopped by Sergei Bobrovsky without a rebound.
4:11 of 2nd period - John Tavares wins face-off versus Joe Pavelski in Jets zone.
4:16 of 2nd period - Minor Penalty to Jamie Benn for Hooking.
4:17 of 2nd period - Jarret Stoll wins face-off versus Max Pacioretty in Islanders zone.
4:26 of 2nd period - Slapshot by John Tavares.
4:26 of 2nd period - Shot Blocked by Craig Adams.
5:13 of 2nd period - Jarret Stoll is hit by Alex Ovechkin and loses puck.
5:38 of 2nd period - Jarret Stoll is hit by Ryan Getzlaf and loses puck.
6:07 of 2nd period - Ryan Murray is hit by Joe Pavelski and loses puck.
6:16 of 2nd period - Penalty to Jamie Benn is over, Jamie Benn is back on ice.
6:20 of 2nd period - Ryan Getzlaf is hit by Travis Hamonic and loses puck.
6:53 of 2nd period - Slapshot by David Krejci.
6:53 of 2nd period - Stopped by Sergei Bobrovsky with a rebound.
6:55 of 2nd period - Slapshot by Paul Martin.
6:55 of 2nd period - Stopped by Sergei Bobrovsky with a rebound.
6:57 of 2nd period - Snap shot by David Krejci.
6:57 of 2nd period - Shot Blocked by Oscar Klefbom.
6:59 of 2nd period - Slapshot by Paul Martin.
6:59 of 2nd period - Stopped by Sergei Bobrovsky with a rebound.
7:01 of 2nd period - Wrist shot by Carl Hagelin.
7:01 of 2nd period - Shot Misses the Net.
7:03 of 2nd period - Slapshot by Erik Karlsson.
7:03 of 2nd period - Shot Misses the Net.
7:05 of 2nd period - Wrist shot by Erik Karlsson.
7:05 of 2nd period - Shot Blocked by Danny DeKeyser.
7:07 of 2nd period - Snap shot by David Krejci.
7:07 of 2nd period - Stopped by Sergei Bobrovsky with a rebound.
7:50 of 2nd period - Slapshot by Oliver Ekman-Larsson.
7:50 of 2nd period - Stopped by Braden Holtby with a rebound.
7:52 of 2nd period - Wrist shot by Kyle Turris.
7:52 of 2nd period - Shot Misses the Net.
7:54 of 2nd period - Slapshot by Erik Johnson.
7:54 of 2nd period - Deflect By Tyler Ennis.
7:54 of 2nd period - Stopped by Braden Holtby with a rebound.
8:00 of 2nd period - Minor Penalty to Kyle Quincey for Tripping.
8:01 of 2nd period - John Tavares wins face-off versus Jarret Stoll in Islanders zone.
8:02 of 2nd period - Snap shot by Teemu Selanne.
8:02 of 2nd period - Shot Blocked by Jake Muzzin.
8:04 of 2nd period - Slapshot by Teemu Selanne.
8:04 of 2nd period - Shot Blocked by Erik Karlsson.
8:10 of 2nd period - Slapshot by John Tavares.
8:10 of 2nd period - Goal by John Tavares - Islanders : 1 - Jets : 4.
8:10 of 2nd period - Curtis McElhinney enters game.
8:11 of 2nd period - Joe Pavelski wins face-off versus John Tavares in neutral zone.
8:26 of 2nd period - Snap shot by Joe Pavelski.
8:26 of 2nd period - Stopped by Sergei Bobrovsky with a rebound.
8:46 of 2nd period - Wrist shot by Jamie Benn.
8:46 of 2nd period - Stopped by Sergei Bobrovsky without a rebound.
8:47 of 2nd period - Kyle Turris wins face-off versus David Krejci in Jets zone.
9:46 of 2nd period - Snap shot by Wayne Simmonds.
9:46 of 2nd period - Shot Misses the Net.
9:58 of 2nd period - Snap shot by Nick Bjugstad.
9:58 of 2nd period - Stopped by Curtis McElhinney without a rebound.
9:59 of 2nd period - Jarret Stoll wins face-off versus John Tavares in Islanders zone.
10:11 of 2nd period - Slapshot by Travis Hamonic.
10:11 of 2nd period - Stopped by Sergei Bobrovsky without a rebound.
10:12 of 2nd period - John Tavares wins face-off versus Jarret Stoll in Jets zone.
10:23 of 2nd period - Snap shot by Max Pacioretty.
10:23 of 2nd period - Shot Blocked by Kevin Porter.
10:29 of 2nd period - Ryan Murray is hit by Matt Martin and loses puck.
11:21 of 2nd period - Wrist shot by Joe Pavelski.
11:21 of 2nd period - Shot Misses the Net.
11:23 of 2nd period - Wrist shot by Paul Martin.
11:23 of 2nd period - Stopped by Sergei Bobrovsky without a rebound.
11:24 of 2nd period - Marcel Goc wins face-off versus Alex Ovechkin in Jets zone.
11:37 of 2nd period - Snap shot by Marcel Goc.
11:37 of 2nd period - Stopped by Sergei Bobrovsky with a rebound.
11:43 of 2nd period - Wrist shot by Lauri Korpikoski.
11:43 of 2nd period - Shot Misses the Net.
12:21 of 2nd period - Carl Hagelin is hit by Kyle Turris and loses puck.
12:41 of 2nd period - Minor Penalty to Chris Kunitz for Interference.
12:42 of 2nd period - Jarret Stoll wins face-off versus John Tavares in Islanders zone.
13:15 of 2nd period - Slapshot by Erik Karlsson.
13:15 of 2nd period - Deflect By Craig Adams.
13:15 of 2nd period - Stopped by Sergei Bobrovsky without a rebound.
13:16 of 2nd period - Ryan Getzlaf wins face-off versus Craig Adams in Jets zone.
14:41 of 2nd period - Penalty to Chris Kunitz is over, Chris Kunitz is back on ice.
15:02 of 2nd period - Oliver Ekman-Larsson is hit by Travis Hamonic.
15:26 of 2nd period - Snap shot by Kyle Turris.
15:26 of 2nd period - Shot Misses the Net.
15:28 of 2nd period - Slapshot by Kyle Turris.
15:28 of 2nd period - Stopped by Curtis McElhinney without a rebound.
15:29 of 2nd period - Joe Pavelski wins face-off versus Nick Bjugstad in Islanders zone.
15:42 of 2nd period - Wrist shot by Wayne Simmonds.
15:42 of 2nd period - Shot Blocked by Paul Martin.
17:36 of 2nd period - Snap shot by Alex Ovechkin.
17:36 of 2nd period - Stopped by Curtis McElhinney without a rebound.
17:37 of 2nd period - Joe Pavelski wins face-off versus Kyle Turris in Islanders zone.
17:42 of 2nd period - Snap shot by Joe Pavelski.
17:42 of 2nd period - Goal by Joe Pavelski - Islanders : 2 - Jets : 4.
17:43 of 2nd period - Kyle Turris wins face-off versus David Krejci in neutral zone.
18:12 of 2nd period - Slapshot by Erik Johnson.
18:12 of 2nd period - Stopped by Curtis McElhinney with a rebound.
18:14 of 2nd period - Slapshot by Oliver Ekman-Larsson.
18:14 of 2nd period - Shot Blocked by Paul Martin.
18:30 of 2nd period - Wayne Simmonds is hit by Chris Kunitz.
18:36 of 2nd period - Paul Martin is hit by Alex Ovechkin.
18:50 of 2nd period - David Krejci is hit by Wayne Simmonds and loses puck.
19:23 of 2nd period - Danny DeKeyser is hit by Joe Pavelski and loses puck.
19:38 of 2nd period - Danny DeKeyser is hit by Jake Muzzin and loses puck.
Goals for this period are 1 for Islanders vs 2 for Jets.
Shots for this period are 14 for Islanders vs 13 for Jets.

3rd period


0:01 of 3rd period - Jarret Stoll wins face-off versus John Tavares in neutral zone.
0:24 of 3rd period - Snap shot by John Tavares.
0:24 of 3rd period - Stopped by Curtis McElhinney with a rebound.
0:58 of 3rd period - Wrist shot by Joe Pavelski.
0:58 of 3rd period - Shot Hit the Post.
1:00 of 3rd period - Snap shot by Tyler Ennis.
1:00 of 3rd period - Deflect By Jamie Benn.
1:00 of 3rd period - Stopped by Sergei Bobrovsky with a rebound.
1:02 of 3rd period - Slapshot by Paul Martin.
1:02 of 3rd period - Deflect By Joe Pavelski.
1:02 of 3rd period - Shot Misses the Net.
1:02 of 3rd period - Puck is out of play.
1:03 of 3rd period - Joe Pavelski wins face-off versus Ryan Getzlaf in Jets zone.
1:47 of 3rd period - Snap shot by Matt Nieto.
1:47 of 3rd period - Shot Blocked by Erik Karlsson.
1:49 of 3rd period - Snap shot by Marcus Kruger.
1:49 of 3rd period - Goal by Marcus Kruger - Islanders : 2 - Jets : 5.
1:50 of 3rd period - Max Pacioretty wins face-off versus Jarret Stoll in neutral zone.
2:13 of 3rd period - Slapshot by John Tavares.
2:13 of 3rd period - Stopped by Curtis McElhinney with a rebound.
2:20 of 3rd period - Minor Penalty to Kyle Quincey for High sticking.
2:21 of 3rd period - Ryan Getzlaf wins face-off versus Jarret Stoll in Islanders zone.
2:53 of 3rd period - Slapshot by Alex Ovechkin.
2:53 of 3rd period - Shot Misses the Net.
2:57 of 3rd period - Snap shot by Alex Ovechkin.
2:57 of 3rd period - Deflect By Jarret Stoll.
2:57 of 3rd period - Stopped by Curtis McElhinney with a rebound.
2:59 of 3rd period - Slapshot by Oliver Ekman-Larsson.
2:59 of 3rd period - Shot Misses the Net.
3:24 of 3rd period - Jarret Stoll is hit by John Tavares.
4:20 of 3rd period - Penalty to Kyle Quincey is over, Kyle Quincey is back on ice.
4:23 of 3rd period - Snap shot by Teemu Selanne.
4:23 of 3rd period - Stopped by Curtis McElhinney with a rebound.
4:25 of 3rd period - Slapshot by Danny DeKeyser.
4:25 of 3rd period - Deflect By Erik Karlsson.
4:25 of 3rd period - Stopped by Curtis McElhinney without a rebound.
4:26 of 3rd period - Joe Pavelski wins face-off versus John Tavares in Islanders zone.
5:14 of 3rd period - Wrist shot by David Krejci.
5:14 of 3rd period - Stopped by Sergei Bobrovsky with a rebound.
5:20 of 3rd period - Rob Scuderi is hit by Danny DeKeyser and loses puck.
5:36 of 3rd period - Wrist shot by Wayne Simmonds.
5:36 of 3rd period - Stopped by Curtis McElhinney with a rebound.
6:34 of 3rd period - Max Pacioretty is hit by Paul Martin and loses puck.
7:02 of 3rd period - Double Minor Penalty to Kyle Quincey for High sticking.
7:03 of 3rd period - Jarret Stoll wins face-off versus Ryan Getzlaf in Islanders zone.
7:43 of 3rd period - Wrist shot by Max Pacioretty.
7:43 of 3rd period - Goal by Max Pacioretty - Islanders : 2 - Jets : 6.
7:44 of 3rd period - Jarret Stoll wins face-off versus Ryan Getzlaf in neutral zone.
8:32 of 3rd period - Icing by Ryan Murray.
8:33 of 3rd period - John Tavares wins face-off versus Chris Kunitz in Jets zone.
8:48 of 3rd period - Marcel Goc is hit by Alex Ovechkin and loses puck.
9:21 of 3rd period - Wrist shot by Max Pacioretty.
9:21 of 3rd period - Deflect By John Tavares.
9:21 of 3rd period - Stopped by Curtis McElhinney with a rebound.
9:37 of 3rd period - Jarret Stoll is hit by Wayne Simmonds.
9:43 of 3rd period - Penalty to Kyle Quincey is over, Kyle Quincey is back on ice.
9:47 of 3rd period - Kyle Quincey is hit by Alex Ovechkin and loses puck.
10:20 of 3rd period - Travis Hamonic is hit by Marcus Kruger and loses puck.
10:58 of 3rd period - Snap shot by Alex Ovechkin.
10:58 of 3rd period - Goal by Alex Ovechkin - Islanders : 2 - Jets : 7.
10:59 of 3rd period - Teemu Selanne wins face-off versus Matt Martin in neutral zone.
11:47 of 3rd period - Snap shot by David Krejci.
11:47 of 3rd period - Shot Hit the Post.
13:37 of 3rd period - Alex Ovechkin is hit by Kevin Porter and loses puck.
14:11 of 3rd period - Minor Penalty to Matt Martin for Tripping.
14:12 of 3rd period - Jarret Stoll wins face-off versus John Tavares in Islanders zone.
14:44 of 3rd period - Craig Adams is hit by Oliver Ekman-Larsson and loses puck.
15:04 of 3rd period - Icing by Ryan Murray.
15:05 of 3rd period - Marcel Goc wins face-off versus John Tavares in Jets zone.
15:12 of 3rd period - Travis Hamonic is hit by Oliver Ekman-Larsson.
16:11 of 3rd period - Penalty to Matt Martin is over, Matt Martin is back on ice.
16:42 of 3rd period - Erik Karlsson is hit by Kyle Turris and loses puck.
16:59 of 3rd period - Snap shot by Marcus Kruger.
16:59 of 3rd period - Stopped by Curtis McElhinney with a rebound.
17:30 of 3rd period - Slapshot by Chris Kunitz.
17:30 of 3rd period - Goal by Chris Kunitz - Islanders : 3 - Jets : 7.
17:31 of 3rd period - David Krejci wins face-off versus John Tavares in neutral zone.
18:35 of 3rd period - Snap shot by Kyle Turris.
18:35 of 3rd period - Stopped by Curtis McElhinney with a rebound.
18:37 of 3rd period - Wrist shot by Marcus Kruger.
18:37 of 3rd period - Goal by Marcus Kruger - Islanders : 3 - Jets : 8.
18:38 of 3rd period - Jarret Stoll wins face-off versus Ryan Getzlaf in neutral zone.
18:57 of 3rd period - Minor Penalty to Kyle Quincey for Roughing.
18:58 of 3rd period - John Tavares wins face-off versus Jarret Stoll in Islanders zone.
19:32 of 3rd period - Wrist shot by Teemu Selanne.
19:32 of 3rd period - Shot Misses the Net.
19:55 of 3rd period - Ryan Murray is hit by Craig Adams and loses puck.
Goals for this period are 1 for Islanders vs 4 for Jets.
Shots for this period are 3 for Islanders vs 13 for Jets.


Output by the SimonT Hockey Simulator (STHS) for Eric Dolegowski -- Original Page W3C XHTML 1.0 Valid
Hockey Simulator - Hockey Simulation - Hockey Manager